 Dungeon Crawl Stone Soup version 0.29.0-11-gd7f09526c8 (webtiles) character file.

Game seed: 12311461495952392077

186 greenreed the Digger (level 5, -2/39 HPs)
             Began as a Draconian Earth Elementalist on Sept 5, 2022.
             Killed from afar by an orc wizard (4 damage)
             ... with a magic dart
             ... on level 5 of the Dungeon.
             The game lasted 00:04:56 (3785 turns).

greenreed the Digger (Draconian Earth Elementalist) Turns: 3785, Time: 00:04:56

Health: -2/39      AC:  6    Str: 10    XL:     5   Next: 38%
Magic:  6/10       EV: 12    Int: 17    God:
Gold:   165        SH:  0    Dex: 12    Spells: 8/11 levels left

rFire   . . .      SeeInvis .   (no weapon)
rCold   . . .      Faith    .   (no shield)
rNeg    . . .      Spirit   .   (body armour unavailable)
rPois   .          Reflect  .   (helmet restricted)
rElec   .          Harm     .   (no cloak)
rCorr   .          Rampage  .   n - +0 pair of gloves
Will    .....                   (no boots)
Stlth   ++........              (no amulet)
HPRegen 0.13/turn               (no ring)
MPRegen 0.12/turn               (no ring)

@: no status effects
A: AC +5, unfitting armour, cold-blooded
a: no special abilities


You were on level 5 of the Dungeon.
You visited 1 branch of the dungeon, and saw 5 of its levels.

You collected 165 gold pieces.

Inventory:

Missiles
 e - 8 poisoned darts
Armour
 n - a +0 pair of gloves (worn)
Scrolls
 c - 5 scrolls of identify {unknown}
 f - a scroll of fog {unknown}
 h - a scroll of vulnerability {unknown}
 k - a scroll of enchant weapon {unknown}
Potions
 a - a potion of magic
 b - a potion of degeneration {unknown}
 d - 4 potions of curing
 g - a potion of brilliance {unknown}
 i - 3 potions of mutation {unknown}
 j - 2 potions of heal wounds {unknown}
 l - a potion of lignification {unknown}
 m - a potion of might {unknown}


   Skills:
 * Level 0.8 Fighting
 + Level 2.1 Dodging
 + Level 2.4 Stealth
 + Level 0.1 Unarmed Combat
 * Level 3.6 Spellcasting
 + Level 1.0 Transmutations
 * Level 4.4 Earth Magic


You had 8 spell levels left.
You knew the following spells:

 Your Spells              Type           Power      Damage    Failure   Level
a - Sandblast             Erth           36%        2d10      2%          1
b - Passwall              Tmut/Erth      10%        N/A       9%          2

Your spell library contained the following spells:

 Spells                   Type           Power      Damage    Failure   Level
 Wereblood                Tmut           6%         N/A       17%         2
 Stone Arrow              Conj/Erth      20%        3d8       21%         3
 Sublimation of Blood     Necr           3%         N/A       26%         2
 Petrify                  Tmut/Erth      12%        N/A       47%         4
 Summon Hydra             Summ           1%         N/A       100%        7


Dungeon Overview and Level Annotations

Branches:
Dungeon (5/15)
 Temple: D:4-7

Altars:
Elyvilon
Okawaru
Uskayaw

Annotations:
D:3 Sigmund


Innate Abilities, Weirdness & Mutations

Your plain brown scales are hard. (AC +5)
You cannot fit into any form of body armour.
You are cold-blooded and may be slowed by cold attacks.


Message History

The blast of sand hits the orc wizard.
The orc wizard is heavily wounded.
The orc shouts!
An iguana comes into view.
An orc priest comes into view. It is wielding a +0 falchion.
The blast of sand hits the orc wizard.
The orc wizard is severely wounded.
The orc wizard hits you but does no damage.
You feel drained.
The orc wizard attacks as you move away!
The orc wizard hits you but does no damage.
You feel drained.
The orc priest looks encouraged for a moment.
The orc wizard casts a spell at you. The puff of flame hits you.
You see here a +0 hand axe.
The blast of sand hits the orc wizard!
You kill the orc wizard!
Your life force feels restored.
The blast of sand misses the orc wizard.
The blast of sand hits the orc but does no damage.
The orc wizard points at you and mumbles some strange words.
You resist with some effort.
The blast of sand hits the orc wizard!
The orc wizard is heavily wounded.
The orc priest calls upon Beogh to heal the orc wizard.
The orc wizard is healed somewhat.
The orc wizard hits you with a +0 dagger.
The orc wizard casts a spell at you. You resist with some effort.
The orc priest looks satisfied for a moment.
The orc priest calls down the wrath of Beogh upon you.
Beogh smites you!
The orc priest mumbles some strange prayers to Beogh against you.
Beogh smites you!
* * * LOW HITPOINT WARNING * * *
The orc priest looks encouraged for a moment.
The orc wizard gestures at you while chanting.
The magic dart hits you.
You die...

## ##. ########## ...##
#.##..##.### ###
....###..###..#..# #.# ####
.....##.## ##....# ##.# ##..###
.....).## ###....# ##.####..#..##
...###.)###......###..###..###..#
... ##.o..o.o....##..##...# ##..
... ##l......#@.#.......## ##..
>.. ##....###..........# #..# ...
#...## #.........#####.## ...
#...# #.........##....# ...
........................#
.........................##
...######...#####.........# #...#
##......... .... ##........


You could see an orc wizard and an orc.

Vanquished Creatures
  A hound (D:4)
  An iguana (D:5)
  An orc wizard (D:5)
  A scorpion zombie (D:3)
  3 adders
  A worm (D:3)
  A dart slug (D:4)
  4 orcs
  6 ball pythons
  3 bats
  4 endoplasms
  2 giant cockroaches
  4 hobgoblins
  4 jackals (D:1)
  A quokka (D:4)
  A ball python skeleton (D:3)
  A frilled lizard (D:3)
  4 goblins
  A jackal zombie (D:3)
  4 kobolds
  A rat (D:2)
49 creatures vanquished.

Notes
Turn   | Place    | Note
-------+----------+-------------------------------------------
     0 | D:1      | greenreed the Draconian Earth Elementalist began the quest
                  | for the Orb.
     0 | D:1      | Reached XP level 1. HP: 14/14 MP: 3/3
   364 | D:1      | Reached XP level 2. HP: 20/20 MP: 1/5
  1179 | D:2      | Reached XP level 3. HP: 25/26 MP: 1/6
  1699 | D:2      | Found a faded altar of an unknown god.
  2230 | D:3      | Reached XP level 4. HP: 33/33 MP: 5/8
  2326 | D:3      | Found a white marble altar of Elyvilon.
  2772 | D:3      | Noticed Sigmund
  2777 | D:3      | Learned a level 2 spell: Passwall
  2983 | D:4      | Found an iron altar of Okawaru.
  2987 | D:4      | Reached skill level 4 in Earth Magic
  3278 | D:4      | Found a hide-covered altar of Uskayaw.
  3534 | D:5      | Entered Level 5 of the Dungeon
  3534 | D:5      | Noticed an ice beast
  3598 | D:5      | Reached XP level 5. HP: 39/39 MP: 7/10
  3785 | D:5      | Killed from afar by an orc wizard

Illustrated notes

Levels and vault maps discovered:
D:1:      minmay_arrival_plants_in_alcoves, layout_basic
D:2:      layout_basic, hellmonk_ecumenical_altar_prayer_group, minmay_ruptured
D:3:      layout_basic, mainiacjoe_overflow_alcove_2, serial_undead,
          serial_undead_f, serial_undead_f, serial_undead_f, serial_undead_f,
          uniq_sigmund
D:4:      layout_gridville, lemuel_doored_altar,
          mainiacjoe_overflow_concentric_impassable, kennysheep_generic_room_15
D:5:      layout_layer_cave, minmay_misc_feat_more_columns,
          kennysheep_cluttered_room, st_stairs_14, uniq_prince_ribbit1

Skill      XL: |  1  2  3  4 |
---------------+-------------+-----
Stealth        | 2 |  2.4
Dodging        | 2 |  2.1
Spellcasting   | 3 |  3.6
Earth Magic    | 4 |  4.4
Fighting       | |  0.8
Unarmed Combat | |  0.1
Transmutations | |  1.0

Action                   |  1- 3 |  4- 6 || total
-------------------------+-------+-------++-------
Melee: Unarmed           |    24 |       ||    24
       Tailslap          |     2 |       ||     2
       Punch             |     1 |       ||     1
 Cast: Sandblast         |    55 |    38 ||    93
       Passwall          |       |     1 ||     1
Armor: Skin              |    22 |     4 ||    26
Dodge: Dodged            |    48 |     8 ||    56
